 Dungeon Crawl Stone Soup version 0.14.1-22-g2730a98 (webtiles) character file.

329 Konstantin the Vexing (level 4, -5/22 HPs)
             Began as a Vine Stalker Enchanter on June 7, 2014.
             Killed from afar by an orc wizard (8 damage)
             ... with a puff of flame
             ... on Level 3 of the Dungeon.
             The game lasted 00:24:07 (1839 turns).

Konstantin the Vexing (Vine Stalker Enchanter)      Turns: 1839, Time: 00:24:08

HP  -5/22        AC  5     Str 11      XL: 4   Next: 24%
MP   0/9         EV 12     Int 16      God:
Gold 258         SH  0     Dex 14      Spells:  3 memorised,  3 levels left

rFire  . . .     SeeInvis .     O - -3,-1 dagger (curse)
rCold  . . .     Clarity  .     b - +1 robe
rNeg   . . .     Conserve .     (no shield)
rPois  .         rCorr    .     (no helmet)
rElec  .         rRot     +     k - +1 cloak
SustAb . .       Spirit   +     (no gloves)
rMut   .         Warding  .     (no boots)
Saprov . . .     Stasis   .     (no amulet)
MR     .....                    (no ring)
                                (no ring)

@: about to teleport, not resistant to hostile enchantments, fairly stealthy
A: fangs 2, regeneration 1, magic shield, antimagic bite, no device heal
a: no special abilities


You were on level 3 of the Dungeon.
You were not hungry.

You visited 1 branch of the dungeon, and saw 3 of its levels.

You collected 258 gold pieces.

Inventory:

Hand weapons
 a - a +1,+1 dagger
 g - a +0,+0 club
 l - a +0,+0 club
 m - a cursed -1,-1 club
 n - a +2,+3 dagger of venom
 p - a +0,+0 dagger
 s - a +0,+0 short sword
 u - a +0,+0 club
 v - a +0,+0 club
 y - a +0,+0 hand axe
 z - a +0,+0 club
 D - a +0,+0 club
 E - a +0,+0 club
 G - a +0,+0 dagger
 H - a +0,+0 club
 M - a +0,+0 club
 N - a +0,+0 mace
 O - a cursed -3,-1 dagger (weapon)
Missiles
 d - 68 darts
 h - 31 sling bullets
 t - 6 tomahawks
 x - 4 curare-tipped needles
 A - 15 bolts
 J - 11 stones
 K - 27 arrows
 P - 2 poisoned darts (quivered)
Armour
 b - a +1 robe (worn)
 k - a +1 cloak (worn)
Comestibles
 f - 2 bread rations
 B - a snozzcumber
 F - a pear
 S - a chunk of giant newt flesh
Scrolls
 e - a scroll of identify
 i - a scroll of fog
 C - a scroll of noise {unknown}
 L - a scroll of recharging {unknown}
 R - a scroll of fear {unknown}
Potions
 j - a potion of flight
 w - a potion of restore abilities {unknown}
 I - a potion of magic {unknown}
 Q - a potion of mutation {unknown}
 T - a potion of heal wounds {unknown}
Books
 c - a book of Maledictions

   Spells                             Type                      Level
   *Corona                            Hexes                        1
   *Sure Blade                        Hexes/Charms                 2
   *Ensorcelled Hibernation           Hexes/Ice                    2
   Confuse                            Hexes                        3
   Enslavement                        Hexes                        4
   Invisibility                       Hexes                        6


   Skills:
 * Level 1.0 Fighting
 * Level 1.3 Short Blades
 - Level 0.8 Throwing
 * Level 2.1 Dodging
 + Level 2.6 Stealth
 * Level 2.8 Spellcasting
 * Level 3.3 Hexes
 + Level 0.8 Charms
 + Level 0.0 Ice Magic


You had 3 spell levels left.
You knew the following spells:

 Your Spells              Type           Power        Failure   Level  Hunger
a - Corona                Hex            ##.....      6%          1    #......
b - Ensorcelled Hibernat  Hex/Ice        #.....       17%         2    ##.....
c - Sure Blade            Hex/Chrm       #.........   14%         2    ##.....


Dungeon Overview and Level Annotations

Branches:
Dungeon (3/15)

Altars:


Innate Abilities, Weirdness & Mutations

You are immune to rotting.
You have extremely sharp teeth.
Your natural rate of healing is unusually fast.
When hurt, damage is shared between your health and your magic reserves.
Your bite disrupts and absorbs the magic of your enemies.
Potions and wands cannot restore your HP.


Message History

You closely miss the orc wizard.
The orc wizard points at you and mumbles some strange words.
You are confused.
Drink which item? (? for menu, Esc to quit)
You feel better.
The orc priest invokes the aid of Beogh against you.
Something smites you!
The orc wizard hits you but does no damage.
Read which item? (? for menu, Esc to quit)
Okay, then.
Read which item? (? for menu, Esc to quit)
As you read the scroll labeled KLAURUNNO NULL, it crumbles to dust.
You feel strangely unstable.
It was a scroll of teleportation.
The orc priest calls down the wrath of Beogh upon you.
Pain shoots through your body!
* * * LOW HITPOINT WARNING * * *
The orc wizard hits you but does no damage.
The orc wizard casts a spell at you. The puff of flame hits you!
You die...

#..........# #.........<#
#####'###### #.## #..# #.
##.### ..( #...# #.###
#########'##### ##.<...
#...........@.###......o.
#.............##..#
#...........oo#.o##
#.............(.##
#.............###
###############


You could see an orc priest and an orc wizard.

Vanquished Creatures
  Ijyb (D:2)
  An adder (D:2)
  2 giant geckos
  An ooze (D:1)
  2 orcs (D:3)
  3 bats
  3 giant cockroaches
  5 goblins
  6 hobgoblins (D:1)
  3 jackals (D:1)
  5 kobolds
  A ball python (D:2)
  2 giant newts
  4 rats
  2 plants (D:1)
41 creatures vanquished.

Notes
Turn   | Place    | Note
--------------------------------------------------------------
     0 | D:1      | Konstantin, the Vine Stalker Enchanter, began the quest for the Orb.
     0 | D:1      | Reached XP level 1. HP: 9/9 MP: 3/3
   217 | D:1      | Reached skill level 1 in Short Blades
   256 | D:1      | Reached XP level 2. HP: 13/13 MP: 4/6
   423 | D:1      | Learned a level 2 spell: Ensorcelled Hibernation
   426 | D:1      | Learned a level 2 spell: Sure Blade
   836 | D:1      | Reached XP level 3. HP: 13/17 MP: 2/7
  1463 | D:2      | Reached skill level 1 in Fighting
  1472 | D:2      | Noticed Ijyb
  1479 | D:2      | Killed Ijyb
  1479 | D:2      | Reached XP level 4. HP: 22/22 MP: 7/9
  1839 | D:3      | Killed from afar by an orc wizard

Action                   |  1- 3 |  4- 6 || total
-------------------------+-------+-------++-------
Melee: Dagger            |   174 |    26 ||   200
Throw: Dart              |     3 |       ||     3
 Cast: Corona            |    10 |       ||    10
       Ensorcelled Hiber |    14 |     5 ||    19
  Use: Scroll            |     5 |     1 ||     6
       Potion            |     1 |     1 ||     2
 Stab: Sleeping          |     6 |     1 ||     7
